 Dungeon Crawl Stone Soup version 0.27-a0-364-g31b3477d74 (webtiles) character file.

Game seed: 18360030439608500232

275 Fanghorn the Magician (level 6, -10/41 HPs)
             Began as a Mummy Necromancer on Feb 16, 2021.
             Killed by divine providence
             ... invoked by an orc priest
              (15 damage)
             ... on level 3 of the Dungeon.
             The game lasted 00:25:57 (4551 turns).

Fanghorn the Magician (Mummy Necromancer)           Turns: 4551, Time: 00:25:57

Health: -10/41     AC:  2    Str: 11    XL:     6   Next: 3%
Magic:  5/15       EV: 12    Int: 17    God:
Gold:   179        SH:  0    Dex: 12    Spells: 10/18 levels left

rFire    . . .     SeeInvis .   n - +1 mace (vorpal)
rCold    + . .     Faith    .   (no shield)
rNeg     + + +     Spirit   .   a - +0 robe
rPois    ∞         Reflect  .   (no helmet)
rElec    .         Harm     .   (no cloak)
rCorr    .         Rampage  .   (no gloves)
Will     .....                  (no boots)
Stlth    ++........             (no amulet)
HPRegen  0.13/turn              f - ring of protection from fire
MPRegen  0.14/turn              m - ring of flight

@: no status effects
A: no potions, fire vulnerability, cold resistance 1, negative energy resistance
3, torment resistance, unbreathing
a: Evoke Flight


You were on level 3 of the Dungeon.
You visited 1 branch of the dungeon, and saw 4 of its levels.

You collected 179 gold pieces.

Inventory:

Hand Weapons
 d - a +0 dagger
 h - a +0 dagger
 n - a +1 vorpal mace (weapon)
Missiles
 e - 4 javelins
 r - 8 poisoned darts
Armour
 a - a +0 robe (worn)
 b - a +0 leather armour
 j - a +0 leather armour
 o - a +0 scale mail
Jewellery
 c - an amulet of guardian spirit {unknown}
 f - a ring of protection from fire (left hand)
 m - a ring of flight (right hand)
 s - a +4 ring of protection {unknown}
Scrolls
 g - 2 scrolls of fear
 i - a scroll of enchant weapon {unknown}
 k - a scroll of amnesia {unknown}
 l - 2 scrolls of blinking
 p - a scroll of enchant armour {unknown}
 q - a scroll of identify


   Skills:
 + Level 1.6 Dodging
 + Level 1.8 Stealth
 * Level 6.5 Spellcasting
 + Level 5.1 Necromancy


You had 10 spell levels left.
You knew the following spells:

 Your Spells              Type           Power        Failure   Level
a - Pain                  Necr           92%          1%          1
b - Animate Dead          Necr           11%          14%         4
c - Vampiric Draining     Necr           11%          4%          3

Your spell library contained the following spells:

 Spells                   Type           Power        Failure   Level
 Animate Skeleton         Necr           46%          1%          1
 Agony                    Necr           23%          38%         5


Dungeon Overview and Level Annotations

Branches:
Dungeon (4/15)
 Temple: D:4-7

Altars:
Gozag
Makhleb
Qazlal
Sif Muna
Trog
Zin

Shops:
D:3 *

Annotations:
D:3 2 transporters, DavidChitty2's ghost, amateur GnWn


Innate Abilities, Weirdness & Mutations

You do not drink.
Your flesh is vulnerable to fire.
You are immune to poison.
Your flesh is cold resistant. (rC+)
You are immune to negative energy. (rN+++)
You are immune to unholy pain and torment.
You can survive without breathing.


Message History

Casting: Pain (safe; 1% risk of failure)
Confirm with . or Enter, or press ? or * to list all spells.
Aiming: Pain (safe; 1% risk of failure)
Press: ? - help, Shift-Dir - straight line, f - orc priest
Aim: an orc priest, wearing a +0 ring mail (chance to affect: 80%)
The orc priest barely resists.
The orc priest begins to cast a cantrip, but forgets the words!
You hit the orc priest.
The orc priest is moderately wounded.
The orc priest misses you.
The orc priest invokes the aid of Beogh against you.
Beogh smites you!
Casting: Pain (safe; 1% risk of failure)
Confirm with . or Enter, or press ? or * to list all spells.
Aiming: Vampiric Draining (dangerous; 4% risk of failure)
Press: ? - help, Shift-Dir - straight line, f/p - orc priest
Aim: an orc priest, wearing a +0 ring mail (moderately wounded)
The orc priest is severely wounded.
You feel life coursing into your body.
The orc priest hits you but does no damage.
The orc priest calls down the wrath of Beogh upon you.
Beogh smites you!
Casting: Vampiric Draining (dangerous; 4% risk of failure)
Confirm with . or Enter, or press ? or * to list all spells.
Aiming: Vampiric Draining (dangerous; 4% risk of failure)
Press: ? - help, Shift-Dir - straight line, f/p - orc priest
Aim: an orc priest, wearing a +0 ring mail (severely wounded)
You kill the orc priest!
You feel life coursing into your body.
The orc priest invokes the aid of Beogh against you.
Beogh smites you!
* * * LOW HITPOINT WARNING * * *
You have reached level 6!
Your experience leads to an increase in your attributes!
Increase (S)trength, (I)ntelligence, or (D)exterity?
Uppercase letters only, please.
You feel clever.
The orc priest calls down the wrath of Beogh upon you.
Beogh smites you!
You die...

..>.................# #.# ...
#.#.#####.###.##.######'### ###
[.#.# #.# #.##.# ##≈≈.≈≈## ....#
#.# #.##.# #≈≈≈.≈≈≈# .#..# #.#
#.##.# #≈≈...≈≈# ###.# #.# #.##.#
#≈≈._.≈≈# _⌠#.# #.# #.##.#
#≈≈...≈≈# ###.# #.# #.##.#
#≈≈≈≈≈≈≈#
.#..#####.###.##@####≈≈≈≈≈##
.............o[)...########
....#####.##)......# #####
..#.#.......######## ####....
..#.#.....###.. ..©.. .©##.......
..#.#.....# #..##...##..##...#...
#.#.#.....###.#..#.#..#.##..#.#..
..#.#.....'.#.#..#.#..#.##.#._.#.
..#.#.....#.#..##...##!.##..#.#..


You could see an orc priest.

Vanquished Creatures
  An orc priest (D:3)
  Terence (D:2)
  2 orc wizards (D:4)
  Robin (D:3)
  3 gnolls (D:3)
  6 adders
  4 worms
  A dart slug (D:1)
  2 leopard geckos (D:2)
  4 orcs
  A ball python (D:1)
  3 giant cockroaches
  13 goblins
  6 hobgoblins
  6 kobolds
  A quokka (D:2)
  4 bats
  2 frilled lizards
61 creatures vanquished.

Notes
Turn   | Place    | Note
-------+----------+-------------------------------------------
     0 | D:1      | Fanghorn the Mummy Necromancer began the quest for the Orb.
     0 | D:1      | Reached XP level 1. HP: 13/13 MP: 4/4
  1041 | D:1      | Reached skill level 3 in Spellcasting
  1041 | D:1      | Reached XP level 2. HP: 17/19 MP: 0/6
  1497 | D:2      | Found a bloodstained altar of Trog.
  1497 | D:2      | Found an opulent altar of Gozag.
  1497 | D:2      | Found a stormy altar of Qazlal.
  1777 | D:2      | Noticed Terence
  1803 | D:2      | Reached XP level 3. HP: 24/24 MP: 0/8
  1918 | D:2      | Killed Terence
  1919 | D:2      | Reached skill level 4 in Spellcasting
  2106 | D:2      | Found a burning altar of Makhleb.
  2155 | D:2      | Reached XP level 4. HP: 21/30 MP: 2/10
  2160 | D:2      | Learned a level 4 spell: Animate Dead
  2164 | D:2      | Learned a level 3 spell: Vampiric Draining
  2820 | D:3      | Found Zin's Purification Station.
  2824 | D:3      | Found a glowing silver altar of Zin.
  2911 | D:3      | Reached skill level 5 in Spellcasting
  2947 | D:3      | Reached XP level 5. HP: 14/35 MP: 2/12
  3357 | D:4      | Noticed an orc warrior
  3377 | D:4      | Reached skill level 5 in Necromancy
  3685 | D:3      | Found a transporter.
  3686 | D:3      | Noticed DavidChitty2's ghost (amateur GnWn)
  3686 | D:3      | Identified the +6 dire flail "Urchaqiaria" {vorpal, Dex+3}
  3686 | D:3      | Noticed an ogre
  3687 | D:3      | Noticed an ogre
  3692 | D:3      | Found a transporter.
  3698 | D:3      | Found a faded altar of an unknown god.
  3752 | D:3      | Reached skill level 6 in Spellcasting
  3905 | D:3      | Noticed Robin
  3912 | D:3      | Killed Robin
  4407 | D:3      | Found a shimmering blue altar of Sif Muna.
  4551 | D:3      | Reached XP level 6. HP: 5/41 MP: 5/15
  4551 | D:3      | Killed from afar by an orc priest

Illustrated notes

Levels and vault maps discovered:
D:1:      dpeg_arrival_arbitrary_a, layout_basic
D:2:      layout_basic, marbit_many_paths, gammafunk_temple_overflow_forgotten,
          uniq_terence
D:3:      layout_basic, led_sif_pool, zin_purify,
          chequers_ecumenical_altar_simple_redux, gammafunk_ghost_smash,
          corexii_shack, uniq_robin
D:4:      layout_basic, nicolae_overflow_hidden_temple, minmay_temple_entry_grid

Skill      XL: |  1  2  3  4  5 |
---------------+----------------+-----
Spellcasting   | 3 4 5 6 |  6.5
Necromancy     | 5 |  5.1
Dodging        | |  1.6
Stealth        | |  1.8

Action                   |  1- 3 |  4- 6 || total
-------------------------+-------+-------++-------
Melee: Mace              |       |    14 ||    14
 Cast: Pain              |    61 |    88 ||   149
       Vampiric Draining |       |    10 ||    10
       Animate Dead      |       |     4 ||     4
  Use: Scroll            |     4 |     2 ||     6
Armor: Robe              |     1 |     4 ||     5
Dodge: Dodged            |     6 |    25 ||    31

Table legend: (Time is in decaauts)
 A = Elapsed time spent in this place.
 B = Non-inter-level travel time spent in this place.
 C = Inter-level travel time spent in this place.
 D = Time resting spent in this place.
 E = Time spent auto-exploring this place.
 F = Levels seen in this place.
 G = Mean time per level.
                   A        B        C        D        E       F      G
               +--------+--------+--------+--------+--------+-----+--------+
         Total |   4555 |   4519 |     36 |    951 |   2810 |   4 | 1138.8 |
       Dungeon |   4555 |   4519 |     36 |    951 |   2810 |   4 | 1138.8 |
               +--------+--------+--------+--------+--------+-----+--------+

Top non-repeatable levels by time:
     D:3: 1604 daAuts
     D:2: 1558 daAuts
     D:1: 1224 daAuts
     D:4: 168 daAuts
